AoeStats
← calvindukelb

Fortress

510207038Analyzed
3v3 RM · 22h ago on Sep 29, 2026· 50m 50s· 6 players
Game mode
Random Map
Map size
Large (8 player)
Population
200
Speed
Normal
Resources
Standard
Victory
Conquest
Starting age
Dark Age
Ending age
Imperial Age
RankedLock teamsTeams togetherTeam positionsShared explorationLock speedFull tech treeHidden civsTurbo modeCheats
Victory
Defeat
🇳🇿 Celts · New Zealand
734
+9
🇪🇨 Bohemians · Ecuador
719
+10
🇹🇷 Huns · Türkiye
697
+10
🇩🇪 Franks · Germany
659
-32
🇩🇪 Romans · Germany
573
-10
🇩🇪 Franks · Germany
488
-7
zLxgends-
8:31 Feudal Age
9:08 Double-Bit Axe
12:03 Wheelbarrow
20:49 Castle Age
22:26 Castle Age
21:43 Loom
24:31 Hand Cart
26:58 Imperial Age
25:48 Gold Mining
25:50 Stone Mining
29:19 Hand Cart
29:42 Cavalier
35:51 Forging
35:50 Scale Barding Armor
35:59 Forging
35:17 Paladin
38:01 Husbandry
38:38 Caravan
39:10 Coinage
39:19 Pikeman
G!N0 C@$!N0
8:02 Feudal Age
8:42 Horse Collar
8:48 Double-Bit Axe
10:44 Wheelbarrow
11:02 Gold Mining
14:33 Castle Age
15:05 Stone Mining
16:57 Gold Shaft Mining
17:43 Bow Saw
18:20 Caravan
18:48 Loom
26:27 Imperial Age
28:00 Ballistics
28:41 Chemistry
27:46 Siege Engineers
28:35 Fervor
28:19 Capped Ram
29:33 Hand Cart
29:19 Heavy Plow
29:19 Murder Holes
29:48 Conscription
29:24 Siege Ram
30:20 Forging
30:19 Ballistas
31:33 Heavy Scorpion
37:35 Pikeman
38:16 Squires
38:26 Halberdier
calvindukelb
15:45 Feudal Age
21:05 Wheelbarrow
21:10 Double-Bit Axe
33:37 Man-at-Arms
39:34 Castle Age
44:04 Town Watch
47:18 Light Cavalry
49:07 Long Swordsman
49:48 Squires
Lordkam20002
7:14 Feudal Age
5:30 Loom
7:44 Horse Collar
7:52 Double-Bit Axe
8:14 Arson
9:12 Wheelbarrow
9:03 Town Watch
17:01 Castle Age
17:43 Pikeman
18:26 Squires
22:18 Bow Saw
27:03 Imperial Age
27:22 Hand Cart
27:40 Town Patrol
31:52 Elite Hussite Wagon
37:07 Halberdier
genemioguz
10:38 Feudal Age
11:54 Wheelbarrow
11:06 Double-Bit Axe
11:03 Horse Collar
13:36 Stone Mining
20:39 Castle Age
19:06 Bloodlines
19:13 Forging
19:08 Scale Barding Armor
18:56 Fletching
20:04 Gold Mining
21:49 Bow Saw
22:09 Hand Cart
21:59 Husbandry
22:55 Town Watch
25:19 Gold Shaft Mining
25:24 Heavy Plow
30:48 Imperial Age
29:06 Ballistics
28:48 Murder Holes
31:02 Iron Casting
30:48 Chain Barding Armor
30:24 Bodkin Arrow
30:54 Cavalier
32:06 Conscription
32:54 Blast Furnace
33:10 Chemistry
33:24 Plate Barding Armor
Lord Humungus
0:52 Loom
10:59 Feudal Age
13:00 Wheelbarrow
12:17 Horse Collar
12:28 Double-Bit Axe
15:15 Castle Age
14:30 Forging
14:22 Scale Mail Armor
14:12 Arson
16:52 Hand Cart
16:33 Gold Mining
16:36 Stone Mining
17:30 Bow Saw
18:07 Heavy Plow
20:27 Stone Shaft Mining
26:23 Gold Shaft Mining
26:36 Stronghold
27:04 Chain Mail Armor
28:28 Caravan
28:35 Caravan
34:31 Imperial Age
31:50 Town Watch
34:19 Pikeman
35:38 Iron Casting
35:54 Plate Mail Armor
35:01 Capped Ram
36:07 Conscription
35:57 Onager
37:15 Hoardings
38:15 Elite Woad Raider
39:07 Furor Celtica
40:20 Town Patrol
41:25 Blast Furnace
41:11 Siege Ram
42:49 Siege Onager
50:41 Fortified Wall
50:28 Murder Holes
50:39 Siege Engineers
51:36 Chemistry
50:57 Ballistics
Connection lost

Rejoining the realm…

Still unreachable

The connection could not be restored.

Session expired

The server has moved on; the page needs a fresh start.